 Dungeon Crawl Stone Soup version 0.31.0-12-g77e489cdc1 (webtiles) character file.

Game seed: 13477217003120582469

69117 sking99 the Tortoise (level 14, -2/127 HPs)
             Began as an Armataur Fighter on Feb 23, 2024.
             Was the Champion of Wu Jian.
             Killed from afar by Azrael (35 damage)
             ... with a bolt of fire
             ... on level 2 of the Orcish Mines.
             The game lasted 00:56:55 (15053 turns).

sking99 the Tortoise (Armataur Fighter)            Turns: 15053, Time: 00:56:57

Health: -2/127     AC: 20    Str: 24    XL:     14   Next: 89%
Magic:  14/14      EV:  7    Int:  9    God:    Wu Jian [******]
Gold:   1655       SH:  8    Dex: 22    Spells: 13/13 levels left

rFire   . . .        L - +0 eveningstar (flame)
rCold   + . .        c - +0 buckler
rNeg    . . .        A - +0 chain mail of Skepticism {Fly rPois Regen+ Dex+4}
rPois   +            z - +2 hat
rElec   .            q - +2 cloak
rCorr   .            G - +0 pair of gloves
SInv    .            (no barding)
Will    +....        j - amulet of regeneration Stlth
                     D - ring of protection from cold
HPRegen 5.91/turn    i - +6 ring of dexterity
MPRegen 2.12/turn

%: roll
@: exhausted, flying
A: large, deformed body, tough skin 3, armoured tail, roll 2
a: Renounce Religion, Wall Jump, Serpent's Lash, Heavenly Storm


You were on level 2 of the Orcish Mines.
You worshipped Wu Jian.
Wu Jian was exalted by your worship.
You visited 4 branches of the dungeon, and saw 18 of its levels.
You also visited: Volcano.

You collected 1655 gold pieces.

Inventory:

Hand Weapons
 L - a +0 eveningstar of flaming (weapon)
Missiles
 x - a throwing net (quivered)
Armour
 c - a +0 buckler (worn)
 q - a +2 cloak (worn)
 z - a +2 hat (worn)
 A - the +0 chain mail of Skepticism (worn) {Fly rPois Regen+ Dex+4}
   (You found it on level 5 of the Dungeon)

   Dex+4:     It affects your dexterity (+4).
   rPois:     It protects you from poison Fly: It grants you flight.
   Regen+:    It increases your rate of health regeneration.
 G - a +0 pair of gloves (worn)
Jewellery
 i - a +6 ring of dexterity (right hand)
 j - an amulet of regeneration (around neck)
 D - a ring of protection from cold (left hand)
 R - a ring of resist corrosion
 T - a ring of protection from cold
Wands
 l - a wand of iceblast (7)
 y - a wand of quicksilver (5)
 E - a wand of flame (3)
 K - a wand of charming (7)
 O - a wand of mindburst (10)
 S - a wand of polymorph (4)
Scrolls
 a - a scroll of enchant armour
 f - 5 scrolls of teleportation
 g - 2 scrolls of poison
 h - 2 scrolls of blinking
 n - 4 scrolls of vulnerability
 u - a scroll of fear
 M - a scroll of immolation
 N - a scroll of torment {unknown}
 P - a scroll of amnesia {unknown}
Potions
 b - 2 potions of haste {unknown}
 e - 2 potions of resistance
 k - 10 potions of brilliance
 o - 2 potions of mutation
 p - 3 potions of lignification
 r - 3 potions of invisibility
 s - 5 potions of enlightenment
 t - 11 potions of curing
 B - 2 potions of magic
 C - a potion of ambrosia
 F - 5 potions of attraction
 J - 2 potions of berserk rage {unknown}
 Q - a potion of heal wounds


   Skills:
 + Level 12.8 Fighting
 + Level 14.5 Maces & Flails
 + Level 16.2 Armour
 - Level 12.4 Shields


You had 13 spell levels left.
You didn't know any spells.
Your spell library contained the following spells:

 Spells                   Type           Power      Damage    Failure   Level
 Freeze                   Ice            0%         1d3       83%         1
 Magic Dart               Conj           0%         1d3       83%         1
 Necrotise                Necr           0%         1d4       83%         1
 Shock                    Conj/Air       0%         1d3       83%         1
 Blink                    Tloc           0%         N/A       92%         2
 Call Imp                 Summ           0%         N/A       92%         2
 Jinxbite                 Hex            0%         N/A       92%         2
 Frozen Ramparts          Ice            0%         1d1       99%         3
 Hailstorm                Conj/Ice       0%         3d5       99%         3
 Swiftness                Air            0%         N/A       99%         3
 Vampiric Draining        Necr           0%         2d6       99%         3
 Airstrike                Air            0%         2d(0-16)  100%        4
 Martyr's Knell           Necr/Summ      0%         N/A       100%        4
 Vhi's Electric Charge    Tloc/Air       0%         N/A       100%        4
 Arcjolt                  Conj/Air       0%         1d10      100%        5
 Curse of Agony           Necr           0%         N/A       100%        5
 Yara's Violent Unravell  Hex/Alch       0%         3d3       100%        5
 Plasma Beam              Fire/Air       0%         2x1d10    100%        6
 Enfeeble                 Hex            0%         N/A       100%        7


Dungeon Overview and Level Annotations

Branches:
Dungeon (10/15)            Temple (1/1) D:5            Lair (5/5) D:10
 Shoals (0/4) Lair:3        Snake (0/4) Lair:3        Slime (0/5) Lair:4
    Orc (2/2) D:10        Volcano (visited)
    Elf: Orc:2

Altars:
Ashenzari
Cheibriados
Dithmenos
Elyvilon
Fedhas
Gozag
Hepliaklqana
Kikubaaqudgha
Makhleb
Nemelex Xobeh
Okawaru
Qazlal
Ru
Sif Muna
Trog
Uskayaw
Vehumet
Wu Jian
Xom
Yredelemnul
Zin
The Shining One
Jiyva

Shops:
D:4 =*!=!   Orc:2 ?

Annotations:
Orc:2 Azrael


Innate Abilities, Weirdness & Mutations

Armour fits poorly on your strangely shaped body.
You have extremely tough skin. (AC +3)
You have a long armoured tail.
You regenerate magic and health when rolling toward enemies. (Rampage Regen)


Message History

You completely miss the hell hound.
The hell hound is heavily wounded.
The hell hound bites you. Azrael gestures at you.
The fireball explodes!
The fireball engulfs the hell hound.
The hell hound completely resists.
The fireball engulfs Azrael.
Azrael completely resists.
The fireball engulfs you!!
The fireball engulfs the fire elemental.
The fire elemental completely resists.
The hell hound bites you but does no damage.
You see here a hell hound corpse.
Okay, then.
You spin and attack the hell hound.
You puncture the hell hound!
You tail-slap the hell hound, but do no damage.
The hell hound is almost dead.
The hell hound bites you. Azrael gestures at you.
The fireball explodes!
The fireball engulfs you!
The fireball engulfs Azrael.
Azrael completely resists.
The fireball engulfs the hell hound.
The hell hound completely resists.
The fireball engulfs the fire elemental.
The fire elemental completely resists.
The fire elemental hits you. The fire elemental burns you!
* * * LOW HITPOINT WARNING * * *
You barely miss Azrael.
Azrael is moderately wounded.
You block the hell hound's attack. The fire elemental hits you.
The fire elemental burns you!
* * * LOW HITPOINT WARNING * * *
Azrael hits you with a +0 scimitar of flaming.
* * * LOW HITPOINT WARNING * * *
Azrael burns you.
* * * LOW HITPOINT WARNING * * *
The hell hound attacks as it pursues you!
The hell hound closely misses you. The hell hound bites you.
* * * LOW HITPOINT WARNING * * *
Azrael gestures at you.
The bolt of fire hits the fire elemental.
The fire elemental completely resists.
The bolt of fire hits you!!
You die...

#≈§...............
#≈.......#......#
##...)))........#
##..............##
##.#..#))...#.$...##
..$................# .
..................######..
..................#.......
.........@.......#........
......††Eh.....<..........
.......R.☼........<...#...
.......○°......)...)......
..................(.......
..........................
.....................$....
..........................
......∩..............$....


You could see Azrael, a fire elemental and a hell hound.

Vanquished Creatures
  Gastronok (Lair:1)
  Josephine (Lair:5)
  6 hydras
  A catoblepas (Lair:5)
  9 death yaks (Lair:5)
  2 two-headed ogres
  A hell hog (Lair:5)
  Amaemon (Lair:1)
  Nergalle (Lair:3)
  3 skysharks
  A wolf spider zombie (D:10)
  5 lindwurms
  2 orc knights (Orc:1)
  2 manticores (Lair:5)
  4 harpies (Lair:3)
  21 elephants
  A toenail golem (Volcano)
  2 kobold blastminers (Orc:1)
  4 centaur zombies (D:10)
  2 centaur skeletons (D:10)
  A gargoyle (D:10)
  4 black mambas (Lair:5)
  11 cane toads
  An orange demon (Lair:1)
  4 rime drakes
  7 komodo dragons
  3 trolls
  2 efreet (Volcano)
  10 polar bears
  Grinder (D:6)
  2 hellwings
  10 blink frogs (Lair:5)
  12 dream sheep (Lair:5)
  5 raiju (Lair:5)
  6 fire elementals
  4 wyverns
  4 wraiths
  7 wargs
  26 yaks
  2 basilisks
  Grum (Lair:1)
  2 nagas (Lair:3)
  An acid dragon (D:10)
  17 hell hounds
  11 water moccasins
  11 black bears (Lair:5)
  13 orc warriors
  2 sky beasts
  50 wolves
  3 centaurs
  4 ogres
  3 kobold brigands
  A phantom (D:5)
  13 bullfrogs
  2 scorpions
  5 earth elementals (Volcano)
  5 wights (D:8)
  8 killer bees
  5 howler monkeys
  5 electric eels (Lair:5)
  3 bombardier beetles (D:6)
  3 hounds
  7 orc priests
  A gnoll bouda (D:9)
  3 jellies
  2 iguanas
  2 sleepcaps
  6 hell rats (Lair:3)
  12 orc wizards
  3 gnolls (D:9)
  6 adders
  7 shadow imps
  4 white imps
  An ufetubus (D:7)
  2 ribbon worms (D:4)
  5 dart slugs
  47 orcs
  5 endoplasms
  A giant cockroach (D:4)
  7 goblins
  3 hobgoblins
  24 kobolds
  4 quokkas
  5 ball pythons
  7 bats
  2 frilled lizards (D:1)
  3 rats
529 creatures vanquished.

Notes
Turn   | Place    | Note
-------+----------+-------------------------------------------
     0 | D:1      | sking99 the Armataur Fighter began the quest for the Orb.
     0 | D:1      | Reached XP level 1. HP: 18/18 MP: 1/1
   511 | D:1      | Reached XP level 2. HP: 25/25 MP: 2/2
  1375 | D:2      | Reached skill level 4 in Armour
  1375 | D:2      | Reached XP level 3. HP: 16/31 MP: 3/3
  1661 | D:2      | Reached XP level 4. HP: 38/38 MP: 4/4
  2254 | D:3      | Reached XP level 5. HP: 42/45 MP: 5/5
  2725 | D:4      | Found Riocsoj's Distillery.
  2862 | D:4      | Found Limalinett's Distillery.
  2864 | D:4      | Noticed a water moccasin
  2881 | D:4      | Killed a water moccasin
  2882 | D:4      | Reached XP level 6. HP: 31/52 MP: 6/6
  3247 | D:3      | Reached skill level 5 in Armour
  3323 | D:4      | Found Joruak's Jewellery Emporium.
  3380 | D:4      | Found a blossoming altar of Fedhas.
  3417 | D:4      | Found a snail-covered altar of Cheibriados.
  3455 | D:4      | Found Ipasy's Overcharged Wands.
  3522 | D:4      | Found an ornate altar of the Wu Jian Council.
  3529 | D:4      | Became a worshipper of the Wu Jian Council
  3549 | D:4      | Found Jinymnobb's Jewellery Shop.
  3733 | D:4      | Identified the +5 dagger of Laceration {freeze, rF+}
  3870 | D:5      | Entered Level 5 of the Dungeon
  3894 | D:5      | Found a shimmering altar of Xom.
  3907 | D:5      | Found a staircase to the Ecumenical Temple.
  4267 | D:5      | Identified the +0 chain mail of Skepticism {Fly rPois
                  | Regen+ Dex+4}
  4451 | D:5      | Found a shimmering blue altar of Sif Muna.
  4475 | D:5      | Found a sacrificial altar of Ru.
  4683 | D:6      | Gained mutation: You regenerate magic and health when
                  | rolling toward enemies. (Rampage Regen) [Armataur growth]
  4683 | D:6      | Reached XP level 7. HP: 55/59 MP: 7/7
  4687 | D:6      | Reached skill level 5 in Shields
  4816 | D:6      | Reached skill level 5 in Maces & Flails
  4920 | D:6      | Noticed Grinder
  4928 | D:6      | Paralysed by Grinder for 3 turns
  4938 | D:6      | Paralysed by Grinder for 5 turns
  4950 | D:6      | Killed Grinder
  4951 | D:6      | Reached skill level 6 in Armour
  4951 | D:6      | Reached XP level 8. HP: 64/67 MP: 8/8
  5418 | D:7      | Reached * piety under Wu Jian
  5544 | Temple   | Entered the Ecumenical Temple
  5617 | D:7      | Found an ancient bone altar of Kikubaaqudgha.
  5640 | D:7      | Found a stormy altar of Qazlal.
  5641 | D:7      | You are sucked into a shaft and drop 2 floors!
  5745 | D:8      | Reached skill level 5 in Fighting
  5793 | D:8      | Reached skill level 7 in Armour
  5941 | D:8      | Reached XP level 9. HP: 64/74 MP: 9/9
  6051 | D:8      | Found a bloodstained altar of Trog.
  6248 | D:8      | Found a sparkling altar of Nemelex Xobeh.
  6365 | D:9      | Noticed a troll
  6587 | D:7      | Identified the +10 mace of the Forgotten Yaks {protect,
                  | rElec rC- Stlth+}
  6756 | D:7      | Reached ** piety under Wu Jian
  7069 | D:9      | Killed a troll
  7070 | D:9      | Reached skill level 8 in Armour
  7405 | D:9      | Found a broken altar of Ashenzari.
  7431 | D:9      | Noticed a two-headed ogre
  7455 | D:9      | HP: 2/77 [two-headed ogre/+0 giant spiked club (11)]
  7487 | D:9      | Killed a two-headed ogre
  7488 | D:9      | Reached XP level 10. HP: 71/84 MP: 10/10
  7793 | D:10     | Entered Level 10 of the Dungeon
  7811 | D:10     | Noticed a gargoyle
  7837 | D:10     | Found a staircase to the Orcish Mines.
  7917 | D:10     | Reached skill level 9 in Armour
  8027 | D:10     | Reached *** piety under Wu Jian
  8039 | D:10     | Noticed a two-headed ogre
  8045 | D:10     | Killed a two-headed ogre
  8046 | D:10     | Reached skill level 10 in Maces & Flails
  8070 | D:10     | Reached XP level 11. HP: 60/92 MP: 11/11
  8098 | D:10     | Reached skill level 10 in Armour
  8157 | D:10     | Found a glowing golden altar of the Shining One.
  8242 | D:10     | Found a staircase to the Lair.
  8482 | Lair:1   | Entered Level 1 of the Lair of Beasts
  8589 | Lair:1   | Found a hazy altar of Hepliaklqana.
  8592 | Lair:1   | Noticed Gastronok
  8620 | Lair:1   | Killed Gastronok
  8624 | Lair:1   | Noticed Grum
  8632 | Lair:1   | Killed Grum
  8681 | Lair:1   | Noticed Amaemon
  8697 | Lair:1   | Killed Amaemon
  9208 | Lair:2   | Reached **** piety under Wu Jian
  9256 | Lair:2   | Reached skill level 10 in Shields
  9353 | Lair:2   | Noticed a skyshark
  9378 | Lair:2   | Killed a skyshark
  9379 | Lair:2   | Reached skill level 11 in Armour
  9379 | Lair:2   | Reached XP level 12. HP: 66/103 MP: 12/12
  9637 | Lair:2   | Noticed a five-headed hydra
  9638 | Lair:2   | Killed a five-headed hydra
 10101 | Lair:3   | Found a dark tunnel.
 10112 | Volcano  | Entered a volcano
 10119 | Volcano  | Reached skill level 12 in Armour
 10670 | Lair:3   | Found a staircase to the Shoals.
 10672 | Lair:3   | Reached skill level 10 in Fighting
 10688 | Lair:3   | Reached XP level 13. HP: 92/113 MP: 13/13
 10795 | Lair:3   | Reached ***** piety under Wu Jian
 10796 | Lair:3   | Reached skill level 13 in Armour
 10835 | Lair:3   | Found a staircase to the Snake Pit.
 11257 | Lair:3   | Noticed Nergalle
 11269 | Lair:3   | Killed Nergalle
 11750 | Lair:4   | Found a viscous altar of Jiyva.
 11751 | Lair:4   | Found a staircase to the Slime Pits.
 12439 | Lair:5   | Entered Level 5 of the Lair of Beasts
 12563 | Lair:5   | Noticed Josephine
 12568 | Lair:5   | Killed Josephine
 12569 | Lair:5   | Reached skill level 14 in Armour
 12976 | Lair:5   | Reached XP level 14. HP: 124/124 MP: 14/14
 13042 | Lair:5   | Reached skill level 15 in Armour
 14058 | Lair:5   | Reached skill level 16 in Armour
 14374 | Orc:1    | Entered Level 1 of the Orcish Mines
 14773 | Orc:1    | Reached ****** piety under Wu Jian
 14895 | Orc:2    | Entered Level 2 of the Orcish Mines
 15031 | Orc:2    | Noticed Azrael
 15036 | Orc:2    | Found Bogasiar's Magic Scroll Emporium.
 15053 | Orc:2    | Killed from afar by Azrael

Illustrated notes

Levels and vault maps discovered:
D:1:      dpeg_arrival_brainrot, layout_basic, minmay_door_square, minivault_14,
          minmay_pentomino_q4
D:2:      cheibrodos_pilgrimage, layout_loops_cross,
          kennysheep_cross_bottleneck, glass_columns_b
D:3:      layout_basic
D:4:      layout_gridville, nzn_wu_jian_council_hall, overflow_temple_1_default,
          mainiacjoe_overflow_chevrons, serial_shops, shop, shop,
          nicolae_shop_gaudy_bauble, nicolae_shop_crystal,
          nicolae_shop_overcharged_wands
D:5:      layout_loops_ring, xom_teletrap_fun, general_overflow_altar,
          nicolae_ru_path_of_blood, temple_pool_b, nicolae_eternal_life,
          minmay_misc_feat_diagonals, grunt_ministairs_4
D:6:      layout_basic, uniq_grinder
D:7:      layout_gridville, mainiacjoe_overflow_catch_the_wave, serial_demonic,
          serial_demonic_c, serial_demonic_d, serial_demonic_a,
          serial_demonic_b, serial_library_hellmonk_layered_room, minivault_4,
          kennysheep_small_circle
D:8:      layout_loops_cross, mainiacjoe_overflow_surrounded_room,
          nemelex_diamond_rough_becter
D:9:      layout_irregular_city, cheibrodos_ashenzari_chains
D:10:     cheibrodos_grave_circle, layout_rooms, tso_metal_star,
          lair_entry_dummy, orc_0_dummy
Temple:   cyrus_temple_forest
Lair:1:   layout_regular_city, basic_altar, uniq_amaemon, uniq_grum,
          uniq_gastronok
Lair:2:   layout_regular_city
Lair:3:   layout_hall_layers, nicolae_shoals_entry_roost,
          guppyfry_snake_entry_garden, enter_volcano_3, uniq_nergalle
Lair:4:   layout_regular_city, slime_entry_1
Lair:5:   hangedman_lair_in_review, layout_long_grid,
          hangedman_lair_caniforms_friends, nicolae_lair_lil_pond,
          serial_bayou_lake_a, uniq_josephine
Orc:1:    layout_caves, minmay_orc_barracks
Orc:2:    kennysheep_orc_mage_school, layout_caves, serial_shops,
          nicolae_shop_rolling_square, nicolae_shop_crystal, shop, special_room,
          uniq_azrael

Skill      XL: |  1  2  3  4  5  6  7  8  9 10 11 12 13 14 |
---------------+-------------------------------------------+-----
Maces & Flails | 2 3 4 5 7 8 10 12 13 14 | 14.5
Fighting       | 3 4 5 6 7 8 10 11 12 | 12.8
Armour         | 4 5 6 7 8 9 11 12 14 16 | 16.2
Shields        | 4 5 6 7 9 10 11 12 | 12.4

Action                     |  1- 3 |  4- 6 |  7- 9 | 10-12 | 13-15 || total
---------------------------+-------+-------+-------+-------+-------++-------
  Melee: Flail             |    85 |   141 |    46 |       |       ||   272
         Tailslap          |     9 |    22 |    51 |   139 |   215 ||   436
         Morningstar       |       |       |   257 |   207 |       ||   464
         Demon whip        |       |       |       |   471 |   940 ||  1411
         Eveningstar       |       |       |       |       |   137 ||   137
 Invoke: Serpent's Lash    |       |       |       |     3 |    11 ||    14
         Heavenly Storm    |       |       |       |       |     1 ||     1
Ability: Lunge             |       |     4 |    20 |    51 |    78 ||   153
         Whirlwind         |       |       |    32 |    77 |   243 ||   352
         Wall Jump         |       |       |     4 |     4 |     2 ||    10
    Use: Potion            |       |     1 |     1 |     2 |     6 ||    10
         Scroll            |       |    13 |     1 |     9 |     6 ||    29
   Stab: Fleeing           |       |       |       |       |     2 ||     2
 Armour: Scale mail        |    63 |    91 |     8 |       |       ||   162
         Chain mail        |       |       |   276 |   484 |   632 ||  1392
         Skin              |       |       |     5 |       |       ||     5
  Dodge: Dodged            |    34 |    46 |    84 |   109 |   162 ||   435
  Block: Buckler           |    21 |    31 |    95 |   138 |   220 ||   505
